 Dungeon Crawl Stone Soup version 0.27.1-33-g824d729ab1 (webtiles) character file.

Game seed: 5975392999002487601

247 jlumianski the Ducker (level 6, 0/53 HPs)
             Began as a Gnoll Monk on Dec 21, 2021.
             Succumbed to a scorpion's poison
             ... on level 4 of the Dungeon.
             The game lasted 00:10:54 (3127 turns).

jlumianski the Ducker (Gnoll Monk)                  Turns: 3127, Time: 00:10:55

Health: 0/53       AC:  6    Str: 13    XL:     6   Next: 11%
Magic:  8/8        EV: 13    Int:  9    God:
Gold:   213        SH:  0    Dex: 14    Spells: 8/8 levels left

rFire    . . .     SeeInvis .   k - +0 war axe
rCold    + . .     Faith    .   (no shield)
rNeg     . . .     Spirit   .   f - +0 ring mail {rC+}
rPois    .         Reflect  .   (no helmet)
rElec    .         Harm     .   (no cloak)
rCorr    .         Rampage  .   (no gloves)
Will     .....                  p - +0 pair of boots
Stlth    ++........             (no amulet)
HPRegen  0.17/turn              (no ring)
MPRegen  0.11/turn              (no ring)

@: lethally poisoned (0 -> -25)
A: fangs 1, strong nose, distributed training
a: no special abilities


You were on level 4 of the Dungeon.
You visited 1 branch of the dungeon, and saw 4 of its levels.

You collected 213 gold pieces.

Inventory:

Hand Weapons
 a - a +0 hand axe
 g - a +2 mace of protection
 h - a +0 hunting sling
 i - a +0 hunting sling
 k - a +0 war axe (weapon)
 o - a +0 hunting sling
 r - a +0 morningstar
Missiles
 c - 91 stones
 e - 13 bolts
 j - 15 poisoned darts
 l - 3 atropa-tipped darts (quivered)
Armour
 b - a +0 robe
 d - a +0 ring mail
 f - a +0 ring mail of cold resistance (worn)
 p - a +0 pair of boots (worn)
Magical Staves
 m - a staff of cold
Scrolls
 q - a scroll of identify {unknown}
Potions
 s - a potion of brilliance


   Skills:
 + Level 6.8 Fighting
 + Level 1.8 Short Blades
 + Level 1.8 Long Blades
 + Level 6.8 Axes
 + Level 1.8 Maces & Flails
 + Level 1.8 Polearms
 + Level 1.8 Staves
 + Level 1.8 Slings
 + Level 1.8 Bows
 + Level 1.8 Crossbows
 + Level 1.8 Throwing
 + Level 1.8 Armour
 + Level 6.8 Dodging
 + Level 4.5 Stealth
 + Level 1.8 Shields
 + Level 1.8 Unarmed Combat
 + Level 1.8 Spellcasting
 + Level 1.4 Conjurations
 + Level 1.4 Hexes
 + Level 1.4 Summonings
 + Level 1.4 Necromancy
 + Level 1.4 Translocations
 + Level 1.4 Transmutations
 + Level 1.4 Fire Magic
 + Level 1.4 Ice Magic
 + Level 1.4 Air Magic
 + Level 1.4 Earth Magic
 + Level 1.4 Poison Magic
 + Level 2.0 Invocations
 + Level 1.8 Evocations


You had 8 spell levels left.
You didn't know any spells.
Your spell library contained the following spells:

 Spells                   Type           Power      Damage    Failure   Level
 Animate Skeleton         Necr           6%         N/A       38%         1
 Apportation              Tloc           6%         N/A       38%         1
 Corona                   Hex            3%         N/A       38%         1
 Summon Small Mammal      Summ           12%        N/A       38%         1
 Stone Arrow              Conj/Erth      6%         3d7       77%         3
 Bolt of Magma            Conj/Fire/Erth 1%         4d4       100%        5
 Shatter                  Erth           1%         3d6*      100%        9


Dungeon Overview and Level Annotations

Branches:
Dungeon (4/15)
 Temple: D:4-7

Altars:
Beogh

Annotations:
D:2 Sigmund


Innate Abilities, Weirdness & Mutations

You have very sharp teeth.
Your uncanny sense of smell can sniff out nearby items.
Your experience applies equally to all skills.


Message History

Your experience leads to an increase in your attributes!
Increase (S)trength, (I)ntelligence, or (D)exterity?
You feel stronger. The scorpion stings you.
You are poisoned.
The scorpion poisons you!
You feel sick.
You hit the scorpion but do no damage.
The scorpion is moderately wounded.
You feel sick. The scorpion stings you.
You are more poisoned.
The scorpion poisons you!
You hit the scorpion but do no damage.
The scorpion is moderately wounded.
You feel very sick. The scorpion barely misses you.
The scorpion completely misses you.
You hit the scorpion but do no damage.
The scorpion is moderately wounded.
You feel sick. The scorpion barely misses you.
You barely miss the scorpion.
The scorpion is moderately wounded.
You feel very sick. The scorpion stings you.
You are more poisoned.
The scorpion poisons you!
Okay, then.
You slash the scorpion!
You bite the scorpion, but do no damage.
The scorpion is almost dead.
* * * LOW HITPOINT WARNING * * *
You feel very sick. The scorpion stings you.
* * * LOW HITPOINT WARNING * * *
You are more poisoned.
The scorpion poisons you! The scorpion barely misses you.
As you read the scroll labelled SEIQIS IPOSA, it crumbles to dust.
Your body is wracked with pain!
* * * LOW HITPOINT WARNING * * *
It was a scroll of torment.
You die...

####### #..[..#
#.....# #<>...#
..... #####....#
..... #..^##...#
...... #s#†.#..##
......#####@##.#..#
...........# .####
####.##.##.#### ^ ∆
#........#....# .#
∆ #..........#..# ^
∆ #..).....#.....#
#^
#........#..##..#
#<..........# .##
#........##..... ∆


You could see a scorpion.

Vanquished Creatures
  A scorpion (D:4)
  2 orc priests (D:3)
  An orc wizard (D:3)
  A worm (D:2)
  2 dart slugs
  5 orcs (D:3)
  7 bats
  6 endoplasms
  4 giant cockroaches
  4 goblins
  10 hobgoblins
  6 jackals (D:3)
  7 kobolds
  4 quokkas
  4 ball pythons
  2 frilled lizards
  3 rats
69 creatures vanquished.

Vanquished Creatures (others)
  An orc wizard (D:3)
1 creature vanquished.

Grand Total: 70 creatures vanquished

Notes
Turn   | Place    | Note
-------+----------+-------------------------------------------
     0 | D:1      | jlumianski the Gnoll Monk began the quest for the Orb.
     0 | D:1      | Reached XP level 1. HP: 23/23 MP: 1/1
    91 | D:1      | Reached XP level 2. HP: 26/29 MP: 2/2
   336 | D:1      | Reached XP level 3. HP: 30/35 MP: 3/3
   828 | D:2      | Noticed Sigmund
   940 | D:2      | Reached skill level 1 in Invocations
  1478 | D:2      | Reached skill level 1 in Short Blades
  1478 | D:2      | Reached skill level 1 in Long Blades
  1478 | D:2      | Reached skill level 1 in Maces & Flails
  1478 | D:2      | Reached skill level 1 in Polearms
  1478 | D:2      | Reached skill level 1 in Staves
  1478 | D:2      | Reached skill level 1 in Slings
  1478 | D:2      | Reached skill level 1 in Bows
  1478 | D:2      | Reached skill level 1 in Crossbows
  1478 | D:2      | Reached skill level 1 in Throwing
  1478 | D:2      | Reached skill level 1 in Armour
  1478 | D:2      | Reached skill level 1 in Shields
  1478 | D:2      | Reached skill level 1 in Unarmed Combat
  1478 | D:2      | Reached skill level 1 in Spellcasting
  1478 | D:2      | Reached skill level 1 in Evocations
  1654 | D:3      | Reached XP level 4. HP: 41/41 MP: 5/5
  1986 | D:3      | Reached skill level 1 in Conjurations
  1986 | D:3      | Reached skill level 1 in Hexes
  1986 | D:3      | Reached skill level 1 in Summonings
  1986 | D:3      | Reached skill level 1 in Necromancy
  1986 | D:3      | Reached skill level 1 in Translocations
  1986 | D:3      | Reached skill level 1 in Transmutations
  1986 | D:3      | Reached skill level 1 in Fire Magic
  1986 | D:3      | Reached skill level 1 in Ice Magic
  1986 | D:3      | Reached skill level 1 in Air Magic
  1986 | D:3      | Reached skill level 1 in Earth Magic
  1986 | D:3      | Reached skill level 1 in Poison Magic
  2351 | D:3      | Reached XP level 5. HP: 12/47 MP: 5/7
  3120 | D:4      | Reached XP level 6. HP: 40/53 MP: 8/8
  3127 | D:4      | Succumbed to a scorpion's poison

Illustrated notes

Levels and vault maps discovered:
D:1:      lightli_arrival_statuegarden, layout_loops_ring
D:2:      layout_basic, hellmonk_ecumenical_altar_defaced_shrine,
          interstate_on_off, uniq_sigmund
D:3:      layout_loops_ring, kennysheep_orc_chapel
D:4:      old_forge, layout_rooms, mainiacjoe_overflow_surrounded_room,
          temple_green, serial_curves, eino_curves_04, eino_curves_01

Skill      XL: |  1  2  3  4  5 |
---------------+----------------+-----
Invocations    | 1 2 |  2.0
Short Blades   | 1 |  1.8
Long Blades    | 1 |  1.8
Maces & Flails | 1 |  1.8
Polearms       | 1 |  1.8
Staves         | 1 |  1.8
Slings         | 1 |  1.8
Bows           | 1 |  1.8
Crossbows      | 1 |  1.8
Throwing       | 1 |  1.8
Armour         | 1 |  1.8
Shields        | 1 |  1.8
Unarmed Combat | 1 |  1.8
Spellcasting   | 1 |  1.8
Evocations     | 1 |  1.8
Conjurations   | 1 |  1.4
Hexes          | 1 |  1.4
Summonings     | 1 |  1.4
Necromancy     | 1 |  1.4
Translocations | 1 |  1.4
Transmutations | 1 |  1.4
Fire Magic     | 1 |  1.4
Ice Magic      | 1 |  1.4
Air Magic      | 1 |  1.4
Earth Magic    | 1 |  1.4
Poison Magic   | 1 |  1.4
Fighting       | |  6.8
Axes           | |  6.8
Dodging        | |  6.8
Stealth        | |  4.5

Action                   |  1- 3 |  4- 6 || total
-------------------------+-------+-------++-------
Melee: Hand axe          |   133 |    63 ||   196
       Bite              |    18 |     4 ||    22
       Punch             |     1 |       ||     1
       War axe           |       |    43 ||    43
Throw: Dart              |       |     4 ||     4
  Use: Potion            |       |     4 ||     4
       Scroll            |       |     1 ||     1
 Stab: Sleeping          |     7 |     1 ||     8
       Distracted        |     1 |       ||     1
Armor: Robe              |     5 |       ||     5
       Ring mail         |    28 |    24 ||    52
       Skin              |       |    10 ||    10
Dodge: Dodged            |    66 |    50 ||   116
